 Dungeon Crawl Stone Soup version 0.30.1-11-g7821555f0a (webtiles) character file.

Game seed: 17311562069502452745

91 pkoi the Insei (level 4, -6/38 HPs)
             Began as a Draconian Monk on Oct 27, 2023.
             Splashed by a jelly's acid (8 damage)
             ... on level 3 of the Dungeon.
             The game lasted 00:01:51 (1643 turns).

pkoi the Insei (Draconian Monk)                     Turns: 1643, Time: 00:01:52

Health: -6/38      AC: -3    Str: 13    XL:     4   Next: 33%
Magic:  4/4        EV: 12    Int: 13    God:
Gold:   29         SH:  0    Dex: 13    Spells: 3/3 levels left

rFire   . .          .
                       - Unarmed
rCold   . . .        b - orb {light}
rNeg    . . .        (body armour unavailable)
rPois   .            (helmet restricted)
rElec   .            (no cloak)
rCorr   .            (no gloves)
SInv    .            (no boots)
Will    .....        (no amulet)
Stlth   +            (no ring)
HPRegen 0.26/turn    (no ring)
MPRegen 0.09/turn

%: no passive effects
@: corroded, glowing
A: AC +5, unfitting armour, cold-blooded
a: no special abilities


You were on level 3 of the Dungeon.
You visited 1 branch of the dungeon, and saw 3 of its levels.

You collected 109 gold pieces.
You spent 80 gold pieces at shops.

Inventory:

Hand Weapons
 c - a +0 sling
Missiles
 j - 5 boomerangs (quivered)
Armour
 b - an orb of light (worn)
Wands
 l - a wand of polymorph (7)
Scrolls
 d - a scroll of identify
 g - a scroll of amnesia
Potions
 a - a potion of ambrosia
 e - 2 potions of heal wounds
 h - a potion of haste
 i - a potion of cancellation
 k - a potion of curing
 m - a potion of brilliance


   Skills:
 + Level 3.3 Fighting
 + Level 2.7 Dodging
 * Level 5.1 Unarmed Combat


You had 3 spell levels left.
You didn't know any spells.
Your spell library contained the following spells:

 Spells                   Type           Power      Damage    Failure   Level
 Cigotuvi's Dreadful Rot  Necr/Pois/Air  0%         N/A       43%         2
 Dispel Undead            Necr           0%         3d6       97%         4
 Death Channel            Necr           0%         N/A       100%        6


Dungeon Overview and Level Annotations

Branches:
Dungeon (3/15)

Altars:

Shops:
D:2 :!*


Innate Abilities, Weirdness & Mutations

Your plain brown scales are hard. (AC +5)
You cannot fit into any form of body armour.
You are cold-blooded and may be slowed by cold attacks.


Message History

You feel forgetful for a moment.
As you read the scroll of identify, it crumbles to dust.
h - a potion of haste
As you read the scroll of identify, it crumbles to dust.
i - a potion of cancellation Your surroundings suddenly seem different.
Found a mace.
Found two stone staircases leading up.
A jelly comes into view.
The jelly quivers.
The jelly moves out of view.
There is a stone staircase leading up here.
A jelly is nearby!
A jelly is nearby!
Found 2 stones.
You hit the jelly. The acid corrodes you!
Your hands burn!
The jelly is moderately wounded.
The jelly hits you but does no damage.
You hit the jelly but do no damage.
Your hands burn!
The jelly is moderately wounded.
The jelly hits you.
You are splashed with acid!
You hit the jelly.
Your hands burn!
The jelly is moderately wounded.
You hit the jelly.
Your hands burn!
The jelly is severely wounded.
The jelly barely misses you.
You hit the jelly but do no damage. The acid corrodes you!
Your hands burn!
The jelly is severely wounded.
The jelly completely misses you.
You hit the jelly but do no damage.
Your hands burn!
* * * LOW HITPOINT WARNING * * *
You tail-slap the jelly, but do no damage.
The jelly is severely wounded.
The jelly barely misses you.
You hit the jelly but do no damage.
Your hands burn!
* * * LOW HITPOINT WARNING * * *
The jelly is severely wounded.
The jelly hits you.
* * * LOW HITPOINT WARNING * * *
You are splashed with acid!
You die...

.##.##########
...<.........###
...#.###.....).#
(..#.###<###.#.#
......J@.#
...#.#####


You could see a jelly.

Vanquished Creatures
  A gnoll (D:1)
  4 adders
  2 dart slugs (D:1)
  7 endoplasms
  2 giant cockroaches
  A goblin (D:2)
  4 hobgoblins
  3 jackals (D:2)
  4 kobolds
  2 quokkas
  4 ball pythons
  A frilled lizard (D:2)
  3 rats
38 creatures vanquished.

Notes
Turn   | Place    | Note
-------+----------+-------------------------------------------
     0 | D:1      | pkoi the Draconian Monk began the quest for the Orb.
     0 | D:1      | Reached XP level 1. HP: 19/19 MP: 1/1
   156 | D:1      | Reached XP level 2. HP: 26/26 MP: 2/2
   402 | D:1      | Reached skill level 4 in Unarmed Combat
   429 | D:1      | Reached XP level 3. HP: 31/31 MP: 3/3
   870 | D:2      | Found a faded altar of an unknown god.
   952 | D:2      | Found Duar's General Store.
  1044 | D:2      | Found Nateidemn's Distillery.
  1052 | D:2      | Bought a potion of heal wounds for 50 gold pieces
  1052 | D:2      | Bought a potion of curing for 30 gold pieces
  1061 | D:2      | Found Kele's Book Shoppe.
  1262 | D:2      | Reached skill level 5 in Unarmed Combat
  1262 | D:2      | Reached XP level 4. HP: 38/38 MP: 4/4
  1643 | D:3      | Splashed by a jelly's acid

Illustrated notes

Levels and vault maps discovered:
D:1:      matt_arrival_refuge, layout_basic, serial_bayou_pond_d,
          hangedman_abyss_or_decor_stabs
D:2:      cheibrodos_helix_gallery, layout_basic,
          dreamdust_ecumenical_altar_angels_and_demons, serial_shops,
          shop_fountains, nicolae_shop_tiny_real_fake_doors, shop_fountains
D:3:      layout_loops_ring

Skill      XL: |  1  2  3 |
---------------+----------+-----
Unarmed Combat | 4 5 |  5.1
Fighting       | |  3.3
Dodging        | |  2.7

Action                     |  1- 3 |  4- 6 || total
---------------------------+-------+-------++-------
  Melee: Unarmed           |    76 |    29 ||   105
         Tailslap          |    13 |     3 ||    16
    Use: Scroll            |       |     6 ||     6
 Armour: Skin              |    25 |    11 ||    36
  Dodge: Dodged            |    35 |    19 ||    54
